 Dungeon Crawl Stone Soup version 0.30.1-4-g462c640d31 (webtiles) character file.

Game seed: 5770093655464208252

431 hurdos the Chopper (level 6, -4/84 HPs)
             Began as a Hill Orc Berserker on Aug 29, 2023.
             Was a Believer of Trog.
             Slain by an ogre
             ... wielding a +0 giant club
              (18 damage)
             ... on level 5 of the Dungeon.
             The game lasted 00:07:45 (3914 turns).

hurdos the Chopper (Hill Orc Berserker)             Turns: 3914, Time: 00:07:47

Health: -4/84      AC: 11    Str: 22    XL:     6   Next: 99%
Magic:  6/6        EV:  8    Int:  7    God:    Trog [**....]
Gold:   327        SH:  5    Dex: 10    Spells: 5/5 levels left

rFire   . . .        b - +0 war axe
rCold   . . .        (no shield)
rNeg    . . .        n - +0 chain mail
rPois   .            j - +0 helmet
rElec   .            (no cloak)
rCorr   .            (no gloves)
SInv    +            s - +0 pair of boots
Will    .....        x - amulet of reflection Stlth
                     h - ring of see invisible
HPRegen 0.34/turn    (no ring)
MPRegen 0.10/turn

%: reflection
@: berserking, very quick
A: no striking features
a: Renounce Religion, Berserk, Trog's Hand


You were on level 5 of the Dungeon.
You worshipped Trog.
Trog was pleased with you.
You visited 1 branch of the dungeon, and saw 5 of its levels.

You collected 327 gold pieces.

Inventory:

Hand Weapons
 a - a +0 hand axe
 b - a +0 war axe (weapon)
 c - a +2 hand axe of distortion
Armour
 j - a +0 helmet (worn)
 n - a +0 chain mail (worn)
 s - a +0 pair of boots (worn)
Jewellery
 f - an amulet of guardian spirit
 h - a ring of see invisible (left hand)
 x - an amulet of reflection (around neck)
Wands
 t - a wand of flame (4)
Scrolls
 e - a scroll of fear {unknown}
 i - a scroll of vulnerability {unknown}
 k - 3 scrolls of blinking {unknown}
 l - a scroll of amnesia {unknown}
 m - 3 scrolls of enchant armour {unknown}
 o - 4 scrolls of noise {unknown}
 p - a scroll of poison {unknown}
 q - a scroll of teleportation {unknown}
 v - 2 scrolls of butterflies {unknown}
 w - a scroll of immolation {unknown}
 y - a scroll of fog {unknown}
 B - a scroll of magic mapping {unknown}
Potions
 d - 3 potions of attraction {unknown}
 g - 2 potions of brilliance {unknown}
 r - 2 potions of might {unknown}
 u - a potion of ambrosia {unknown}
 z - a potion of resistance {unknown}
 A - a potion of haste {unknown}


   Skills:
 + Level 5.4 Fighting
 * Level 7.6 Axes
 + Level 4.3 Armour
 - Level 1.5 Dodging


You had 5 spell levels left.
You didn't know any spells.
Your spell library contained the following spells:

 Spells                   Type           Power      Damage    Failure   Level
 Apportation              Tloc           0%         N/A       96%         1
 Magic Dart               Conj           0%         1d3       96%         1
 Call Imp                 Summ           0%         N/A       99%         2
 Sublimation of Blood     Necr           0%         N/A       99%         2
 Wereblood                Tmut           0%         N/A       99%         2
 Mephitic Cloud           Conj/Pois/Air  0%         N/A       100%        3
 Alistair's Intoxication  Tmut/Pois      0%         N/A       100%        5
 Iskenderun's Battlesphe  Conj           0%         2d6       100%        5
 Iron Shot                Conj/Erth      0%         9d1       100%        6
 Spellforged Servitor     Conj/Summ      0%         N/A       100%        7
 Summon Hydra             Summ           0%         N/A       100%        7


Dungeon Overview and Level Annotations

Branches:
Dungeon (5/15)
 Temple: D:4-7

Altars:
Ashenzari
Ru
Xom

Shops:
D:2 (


Message History

You hit the phantom.
You destroy the phantom!
Trog accepts your kill.
No target in view!
No target in view!
B - a scroll labelled KUOKIA GET XIA A scorpion comes into view.
Found 8 gold pieces.
Found 7 stones.
An ogre comes into view. It is wielding a +0 giant club.
The ogre shouts!
The scorpion stings you but does no damage.
You block the scorpion's attack.
You hit the scorpion.
The scorpion is lightly wounded.
The scorpion stings you.
You closely miss the scorpion.
The scorpion is lightly wounded.
The scorpion stings you but does no damage.
You hit the scorpion but do no damage.
The scorpion is lightly wounded.
You hit the ogre. The scorpion closely misses you.
The ogre hits you with a +0 giant club! You block the scorpion's attack.
You slash the ogre!
The ogre is heavily wounded.
You slash the scorpion!
The scorpion stings you but does no damage.
The ogre hits you with a +0 giant club!!
Ouch! That really hurt!
* * * LOW HITPOINT WARNING * * *
A red film seems to cover your vision as you go berserk!
You feel yourself moving faster!
You feel mighty!
The scorpion stings you but does no damage.
You barely miss the ogre.
The ogre is heavily wounded.
You slash the scorpion!
You kill the scorpion!
Trog accepts your kill.
The ogre hits you with a +0 giant club!!
You die...

#...........#..#
##
#..##......##...
#........#... .
#...........#.
#.......###...
######.....## ##
#...$.......##...
.................
#.......@†.####..
###.....O..#
##..........
##.......#...
#........# ..
#(........ .
.......###.
###.....# ..


You could see an ogre.

Vanquished Creatures
  A black bear (D:4)
  A phantom (D:5)
  A scorpion (D:5)
  2 iguanas (D:5)
  Jessica (D:2)
  An orc wizard (D:4)
  4 adders
  3 gnolls (D:3)
  A dart slug (D:2)
  4 orcs
  8 bats
  12 endoplasms
  5 giant cockroaches
  7 goblins
  7 hobgoblins
  4 jackals (D:1)
  2 quokkas
  7 ball pythons
  4 frilled lizards
  8 kobolds
  8 rats
91 creatures vanquished.

Notes
Turn   | Place    | Note
-------+----------+-------------------------------------------
     0 | D:1      | hurdos the Hill Orc Berserker began the quest for the Orb.
     0 | D:1      | Reached XP level 1. HP: 19/19 MP: 1/1
    70 | D:1      | Found a faded altar of an unknown god.
    84 | D:1      | Reached XP level 2. HP: 26/27 MP: 2/2
   678 | D:1      | Reached XP level 3. HP: 32/33 MP: 3/3
  1153 | D:1      | Reached skill level 5 in Axes
  1239 | D:2      | Noticed Jessica
  1245 | D:2      | Killed Jessica
  1246 | D:2      | Reached XP level 4. HP: 40/40 MP: 4/4
  1267 | D:2      | Reached ** piety under Trog
  1904 | D:2      | Found Anlowem's Antique Weapon Emporium.
  2017 | D:3      | Reached XP level 5. HP: 47/47 MP: 5/5
  2036 | D:3      | Found a broken altar of Ashenzari.
  2305 | D:3      | Reached skill level 6 in Axes
  2712 | D:4      | Noticed a black bear
  2718 | D:4      | Killed a black bear
  2719 | D:4      | Reached skill level 5 in Fighting
  2719 | D:4      | Reached XP level 6. HP: 45/56 MP: 3/6
  2825 | D:4      | Reached skill level 7 in Axes
  3763 | D:4      | Found a sacrificial altar of Ru.
  3763 | D:4      | Found a shimmering altar of Xom.
  3816 | D:5      | Entered Level 5 of the Dungeon
  3914 | D:5      | Slain by an ogre

Illustrated notes

Levels and vault maps discovered:
D:1:      heliophobic_arrival_ceremonial_halls, layout_basic,
          serial_co_window_serial, co_window_paths_a,
          co_window_of_opportunity_a, co_window_of_opportunity_a,
          co_window_of_opportunity_a, co_window_of_opportunity_a,
          co_window_paths_b, co_window_of_opportunity_a,
          co_window_of_opportunity_a, co_window_paths_a, co_window_corner_cb,
          co_window_unsneaky_path_c, co_window_unsneaky_path_b, glass_columns_b,
          glass_columns_b, chequers_ecumenical_altar_island, minmay_3d_cube
D:2:      minmay_wonky_spiral, layout_basic, serial_shops, nicolae_shop_trees,
          uniq_jessica
D:3:      layout_basic, lemuel_doored_altar
D:4:      layout_layer_cave, gammafunk_temple_overflow_wave
D:5:      layout_cave_pools, grunt_dithmenos_smoke, minitemple

Skill      XL: |  1  2  3  4  5  6 |
---------------+-------------------+-----
Fighting       | 4 5 |  5.4
Axes           | 5 6 7 |  7.6
Armour         | 3 4 |  4.3
Dodging        | |  1.5

Action                     |  1- 3 |  4- 6 || total
---------------------------+-------+-------++-------
  Melee: Hand axe          |    79 |    17 ||    96
         Punch             |     1 |       ||     1
         War axe           |       |   155 ||   155
 Invoke: Berserk           |     1 |     1 ||     2
   Stab: Sleeping          |     1 |       ||     1
 Armour: Animal skin       |    21 |     3 ||    24
         Chain mail        |       |    93 ||    93
  Dodge: Dodged            |    62 |    69 ||   131
  Block: Other             |       |     5 ||     5
